Picklejuice13, neutral male human Tourist ------- |.....| ------- ------` -------- |.....| |.*[..| |.#..|# #.......| #@@(...| ##..[<[..####### |....-######|......| ###|...#..### # |...[%| |....|######.......| # # -|-|--- )## ---.--- |....| -------- ####### ############ # # ----.- `## ` # ### # ## #### ### ### # ## # # # # -.---- # ##### ## # |.....############### ------|----.--# |..%.| # ---.------- |...>........|# |.....# ### ----.........| |...------...|# ------######%#-............| |...| |...-# #%#|............| |...------...| #.............| |.............#######` ----.........| -------------- ----------- Picklejuice13 the Excursionist Experience level: 8 Strength: 11 Dexterity: 15 Constitution: 14 Intelligence: 18 Wisdom: 8 Charisma: 19 Health: 0(54) Energy: 30(30) Def: 3 Gold: 2053 Moves: 7388 Dungeon seed: 0000000000001313 Game ID: Picklejuice13_1449025890 Your Inventory: Coins $ - 2053 gold pieces Weapons a - a +0 long sword (weapon in hand) t - 34 +2 darts (in quiver) D - a cursed -2 dagger U - 7 blessed +2 darts Z - a +0 elven broadsword Armor b - an uncursed +0 pair of iron shoes (being worn) e - an uncursed +0 Hawaiian shirt (being worn) n - an uncursed +0 mummy wrapping y - an uncursed +0 elven leather helm (being worn) z - an uncursed +0 dwarvish iron helm N - an uncursed +0 orcish cloak (being worn) Y - an uncursed +0 elven shield (being worn) Comestibles f - 5 uncursed food rations h - an uncursed pancake r - an uncursed fortune cookie M - an uncursed Tentation T - 2 uncursed cream pies Scrolls j - 2 uncursed scrolls of magic mapping o - an uncursed scroll of light q - an uncursed scroll of scare monster w - an uncursed scroll of remove curse B - 2 uncursed scrolls of identify C - an uncursed scroll of destroy armor S - an uncursed scroll of water V - an uncursed scroll of blank paper Potions E - an uncursed potion of oil F - 2 uncursed potions of object detection Wands K - a blessed wand of slow monster (0:5) Tools c - an expensive camera (0:53) k - an uncursed credit card p - 2 uncursed partly used tallow candles (0:145) x - a +0 pick-axe H - an uncursed tin whistle L - an uncursed leash O - 2 uncursed tallow candles (0:200) Spells and supernatural/magical abilities: Name Level Category Fail Memory W - pray for help -- divine ? -- Your skills at the end: Miscellaneous Skills wands [Basic] Weapon Skills long sword [Basic] dart [Expert] Spellcasting Skills Final Attributes: You were stridently aligned. You were cold resistant. You are dead. Vanquished creatures: a dwarf king a giant beetle a leprechaun a lizard 2 gnome kings an owlbear a water nymph a plains centaur a human zombie a Woodland-elf 6 bugbears 2 imps 2 wood nymphs 3 Uruk-hai an orc shaman a rock mole a pony a yellow light 5 gnome lords a gnomish wizard a kobold mummy a gray ooze 4 elf zombies 2 straw golems 2 paper golems 2 giant ants 2 little dogs 3 floating eyes 4 dwarves a homunculus 2 kobold lords 2 kobold shamans 6 iguanas a hill orc a rothe 6 orc zombies a wererat a werejackal 5 killer bees 2 coyotes 2 gas spores 3 hobbits a large kobold 5 geckos 9 hobgoblins 4 giant rats 3 cave spiders 3 brown molds a green mold 3 red molds 15 gnomes 2 garter snakes 2 gnome zombies 4 jackals 5 foxes 4 kobolds 4 newts 2 goblins 4 grid bugs a bat 2 lichens 2 kobold zombies 164 creatures vanquished. Voluntary challenges: You did not adorn yourself with jewelry or accessories. You used a wielded weapon 95 times, starting on turn 483. You did not apply a unicorn horn. You read items or engraved 42 times, starting on turn 3398. You never genocided any monsters. You never polymorphed an object. You never changed form. You used no wishes. You never split a pudding. You wrote Elbereth's name 38 times, starting on turn 5416. You violated your moral code, losing 7 points of alignment, starting on turn 666. Dungeon overview: The Dungeons of Doom: levels 1 to 7 Level 1 an altar to Blind Io a long staircase Level 2 a fountain, a sink stairs to The Gnomish Mines Level 3 a fountain Level 4 Level 5 Level 6 <- You were here some sinks Level 7 The Gnomish Mines: levels 3 to 4 Level 3 stairs to The Dungeons of Doom Level 4 History has recorded: On T:1 you entered the Dungeons of Doom to retrieve the Amulet of Yendor! On T:274 you reached level 2 of The Dungeons of Doom. On T:499 you reached level 1 of The Gnomish Mines. On T:597 you advanced to experience level 2. On T:605 you advanced to experience level 3. On T:666 you advanced to experience level 4. On T:832 you advanced to experience level 5. On T:1729 you reached level 2 of The Gnomish Mines. On T:2530 you advanced to experience level 6. On T:2752 you reached level 3 of The Dungeons of Doom. On T:3481 you reached level 4 of The Dungeons of Doom. On T:3764 you reached level 5 of The Dungeons of Doom. On T:4547 you reached level 6 of The Dungeons of Doom. On T:4642 you advanced to experience level 7. On T:6535 you reached level 7 of The Dungeons of Doom. On T:6721 you advanced to experience level 8. Score breakdown: Gold: 1114 ( 111 points) Experience: 8 levels ( 700 points) Exploration: 7 levels ( 180 points) Discoveries: 5 items ( 250 points) Variety of kills: 62 monsters ( 2000 points) Major goal: (nothing yet) ( 0 points) Survival: died (score multiplied by 3) Total score: 9723 Latest messages: The little dog misses the killer bee. The little dog misses the killer bee. You put a dark brown spellbook into the chest. Your movements are now unencumbered. You add to the writing in the dust with your fingers. Your writing hand is beginning to cramp. The Woodland-elf swings her runed broadsword. The Woodland-elf hacks you! You die... Final status: Aloha Picklejuice13 the Tourist, killed by a Woodland-elf... You died in The Dungeons of Doom on dungeon level 6 with 9723 points, and 2053 pieces of gold, after 7388 moves. You were level 8 with a maximum of 54 hit points when you died.